 Dungeon Crawl Stone Soup version 0.20.1-1-g8b1a95d (webtiles) character file.

119473 SharkBrain the Protected (level 16, -12/116 HPs)
             Began as a Barachi Fighter on Aug 7, 2017.
             Was a High Priest of Okawaru.
             Mangled by a frost giant
             ... wielding a +2 battleaxe of freezing
              (16 damage)
             ... on level 1 of the Depths on Aug 19, 2017.
             The game lasted 03:26:08 (31583 turns).

SharkBrain the Protected (Barachi Fighter)         Turns: 31583, Time: 03:26:09

Health: -12/116    AC: 29    Str: 25    XL:     16   Next: 79%
Magic:  25/25      EV: 13    Int: 11    God:    Okawaru [*****.]
Gold:   1501       SH: 19    Dex: 16    Spells: 15/15 levels left

rFire    . . .     SeeInvis .   W - +9 spear "Moagucam" {elec, +Inv Dex+3}
rCold    + + +     Gourm    .   c - +1 shield
rNeg     . . .     Faith    .   T - +3 plate armour {rC+}
rPois    .         Spirit   .   r - +2 hat
rElec    .         Reflect  .   v - +0 cloak "Myatt" {*Drain rC++}
rCorr    .         Harm     .   I - +2 pair of gloves
MR       ++...     Rnd*Tele +   e - +0 pair of boots
Stlth    ..........             Y - amulet of regeneration
Regen    0.7/turn               N - +3 ring of evasion
MPRegen  0.2/turn               k - ring of protection from magic

@: can't hop, studying Staves, slow
A: +LOS, swims, iridescent scales 1, large bone plates 1, agile 1, blurry vision
1, deterioration 1, frail 1, slowness 1, strong 1, teleportitis 1, strong legs 2
a: Hop, Heroism, Finesse, Renounce Religion, Evoke Invisibility


You were on level 1 of the Depths.
You worshipped Okawaru.
Okawaru was extremely pleased with you.
You were not hungry.

You visited 6 branches of the dungeon, and saw 27 of its levels.
You also visited: Labyrinth.

You collected 2655 gold pieces.
You spent 1154 gold pieces at shops.

Inventory:

Hand Weapons
 W - the +9 spear "Moagucam" (weapon) {elec, +Inv Dex+3}
   (Okawaru gifted it to you on level 1 of the Lair of Beasts)

   Occasionally, upon striking a foe, it will discharge some electrical energy
   and cause terrible harm.
   It affects your dexterity (+3).
   It lets you turn invisible.
Armour
 c - a +1 shield (worn)
 e - a +0 pair of boots (worn)
 q - the +0 ring mail of Jigsaw {*Slow rN+++ Slay+3}
   (Okawaru gifted it to you on level 3 of the Lair of Beasts)

   It affects your accuracy and damage with ranged weapons and melee attacks
   (+3).
   It renders you almost immune to negative energy.
   It may slow you when you take damage.
 r - a +2 hat (worn)
 v - the +0 cloak "Myatt" (worn) {*Drain rC++}
   (You bought it in a shop on level 2 of the Orcish Mines)

   It greatly protects you from cold.
   It causes draining when unequipped.
 E - a +1 cloak of magic resistance
 I - a +2 pair of gloves (worn)
 O - +2 fire dragon scales
 T - a +3 plate armour of cold resistance (worn)
Jewellery
 a - an uncursed ring of see invisible
 k - a ring of protection from magic (right hand)
 t - an uncursed amulet of faith
 u - an uncursed ring of poison resistance
 H - an uncursed ring of protection from cold
 N - a +3 ring of evasion (left hand)
 Y - an amulet of regeneration (around neck)
Wands
 i - a wand of iceblast (0/15)
 p - a wand of digging (10/24)
 z - a wand of lightning (0/15)
 G - a wand of disintegration (0/24)
 J - a wand of clouds (0/9)
 M - a wand of acid (0/15)
 X - a wand of flame (0/48)
Scrolls
 d - 7 scrolls of magic mapping
 j - 10 scrolls of remove curse
 m - 12 scrolls of teleportation
 y - a scroll of enchant weapon
 B - 4 scrolls of enchant armour
 C - a scroll of fog
 F - a scroll of blinking
 P - a scroll of amnesia
 Z - 4 scrolls of identify
Potions
 b - 2 potions of cancellation
 l - a potion of brilliance
 s - 4 potions of curing
 w - 3 potions of magic
 K - 5 potions of flight
 S - 3 potions of might
Books
 R - a manual of Staves
Miscellaneous
 o - a crystal ball of energy
 x - a phial of floods (inert)
 A - a lightning rod (1/4)
 D - a lamp of fire
Comestibles
 f - 17 bread rations
 g - 13 meat rations
 h - a fruit
 n - 8 royal jellies


   Skills:
 + Level 12.4 Fighting
   Level 13.4(15.0) Axes
 + Level 10.8(13.1) Polearms
 + Level 13.5 Armour
 + Level 5.0 Dodging
 + Level 13.3 Shields
 - Level 9.0 Invocations
 * Level 13.1 Evocations


You had 15 spell levels left.
You didn't know any spells.

Dungeon Overview and Level Annotations

Branches:
Dungeon (15/15)            Temple (1/1) D:4            Lair (6/6) D:9
 Shoals (1/4) Lair:4        Snake (0/4) Lair:4        Slime (0/5) Lair:5
    Orc (2/2) D:10            Elf (0/3) Orc:2        Vaults (0/5) D:14
 Depths (2/5) D:15

Altars:
Ashenzari
Cheibriados
Dithmenos
Elyvilon
Fedhas
Gozag
Hepliaklqana
Kikubaaqudgha
Makhleb
Nemelex Xobeh
Okawaru
Qazlal
Ru
Sif Muna
Trog
Uskayaw
Vehumet
Xom
Yredelemnul
Zin
The Shining One
Beogh

Shops:
D:6 (?[?   D:9 :   Orc:2 [*(:   Shoals:1 }   Depths:1 *

Portals:
Hell: Depths:1 Depths:2
Pandemonium: Depths:1

Annotations:
Lair:4 exclusion: 2 oklob plants


Innate Abilities, Weirdness & Mutations

Shadows flee at your approach. (+LOS)
You can swim through water.
You cover ground slowly.
You can hop longer distances.
You are partially covered in iridescent scales. (AC +2)
You are partially covered in large bone plates. (SH +4)
You are agile. (Dex +2)
Scrolls take you a little longer to read.
Your body sometimes deteriorates upon taking damage.
You are frail. (-10% HP)
Your muscles are strong. (Str +2)
You are occasionally teleported next to monsters.


Message History

Your legs are too worn out to hop.
Okay, then.
Really read with blurry vision while enemies are nearby? [Y]es or [N]o only, please.
Really read with blurry vision while enemies are nearby? [Y]es or [N]o only, please.
Really read with blurry vision while enemies are nearby?
Magic restored.
You block the fire giant's attack. The ice dragon breathes frost at you.
The blast of cold hits you! You resist.
* * * LOW HITPOINT WARNING * * *
You begin reading the scroll.
You continue reading the scroll.
You block the deep troll's attack. The deep troll claws you!
* * * LOW HITPOINT WARNING * * *
You block the deep troll's attack.
The deep troll bites you but does no damage.
The deep troll claws you but does no damage.
You block the deep troll's attack.
The frost giant hits you with a battleaxe of freezing!
You die...

...####)..##......<............
. #..#
####)...............#......
#### ###............(##.$....
##.....=..............
#D............##....C
##...........?....#
##..............[..#
#.....T...........##..
#.....@TT...........∩..
##....CC...............
#....≈T#...............
##...≈.#........)....(.
#...≈T#...............
##..≈.............#...
#......#....#.#..###..
###.#.......###..# ..
#.#.......# ..#


You could see a frost giant, a fire giant, an ice dragon, 4 deep trolls and a
deep troll shaman.

Vanquished Creatures
  Rupert (D:15)
  Gastronok (Orc:1)
  2 frost giants
  An orc warlord (Orc:1)
  A stone giant (Depths:1)
  Azrael (D:15)
  6 dire elephants (Lair:6)
  2 ettins
  A yaktaur captain (Depths:2)
  A minotaur (Lab)
  Josephine (Orc:1)
  2 merfolk impalers (Shoals:1)
  An ogre mage (D:14)
  A great orb of eyes (Depths:1)
  3 hydras
  A catoblepas (Lair:3)
  5 vault guards (D:14)
  A spriggan air mage (Depths:2)
  4 death knights
  An anaconda (Lair:6)
  A centaur warrior (D:11)
  6 two-headed ogres
  A deep troll shaman (Depths:2)
  An orc high priest (Orc:2)
  2 tengu warriors (Depths:2)
  Sonja (Lair:1)
  A spriggan berserker (Depths:2)
  2 shadow wraiths (Depths:2)
  Nergalle (Orc:2)
  8 skeletal warriors (D:15)
  3 flayed ghosts
  2 sea snakes (Shoals:1)
  4 orc knights
  A necromancer (D:15)
  6 phantasmal warriors
  3 orc sorcerers
  2 deep elf magi
  7 ugly things
  4 fauns (Shoals:1)
  3 cyclopes
  A spriggan zombie (D:15)
  4 elephants (Lair:6)
  Maurice (D:13)
  4 black mambas
  A merfolk siren (Shoals:1)
  A gargoyle (D:13)
  2 manticores
  5 spiny frogs
  5 centaur skeletons
  5 freezing wraiths
  2 tengu conjurers (Depths:1)
  6 komodo dragons
  6 yaktaurs
  A rime drake (Lair:3)
  7 trolls
  A queen bee (shapeshifter) (D:15)
  2 merfolk (Shoals:1)
  24 blink frogs
  9 slime creatures (D:13)
  An ettin zombie (D:15)
  15 hippogriffs
  A deep troll skeleton (D:15)
  2 air elementals (Depths:2)
  3 shadows
  4 wyverns
  2 redbacks (Lab)
  6 water elementals (Depths:2)
  3 vampires
  17 wraiths
  The ghost of jvknxa the Covert, an amateur SpEn of Makhleb (D:5)
  4 fire elementals (D:15)
  64 yaks
  7 hungry ghosts
  4 basilisks
  3 vampire mosquitoes (D:14)
  5 wargs
  14 water moccasins
  2 hell hounds (D:15)
  10 porcupines
  3 eyes of draining
  37 orc warriors
  2 ice beasts
  3 sky beasts
  A necrophage (D:10)
  9 ogres
  7 phantoms
  14 centaurs
  9 wolves
  17 crocodiles
  4 big kobolds
  Blork the orc (Orc:2)
  A wyvern zombie (D:13)
  21 bullfrogs
  3 scorpions
  2 wyvern skeletons
  7 howler monkeys
  7 killer bees
  A tengu skeleton (D:15)
  15 wights
  An electric eel (Lair:1)
  8 crimson imps
  2 quasits
  2 centaur zombies
  8 hounds
  A bullfrog zombie (D:10)
  19 orc priests
  11 jellies
  28 orc wizards
  7 iguanas
  12 worker ants
  A hound zombie (D:10)
  A mummy (D:6)
  2 worker ant zombies
  4 gnolls (D:2)
  16 adders
  7 shadow imps
  4 oozes
  An adder skeleton (D:8)
  A worm (D:2)
  3 dart slugs (D:1)
  9 leopard geckos
  90 orcs
  A ball python (D:4)
  9 giant cockroaches
  5 hobgoblins
  14 jackals
  4 quokkas
  6 bats
  3 frilled lizards
  4 goblins
  24 kobolds
  9 rats
  5 fungi (D:9)
  A plant (Lair:6)
838 creatures vanquished.

Vanquished Creatures (others)
  A komodo dragon (D:15)
  A porcupine (Lair:5)
  A centaur skeleton (D:8)
  2 fungi
  11 plants
16 creatures vanquished.

Grand Total: 854 creatures vanquished

Notes
Turn   | Place    | Note
-------+----------+-------------------------------------------
     0 | D:1      | SharkBrain the Barachi Fighter began the quest for the Orb.
     0 | D:1      | Reached XP level 1. HP: 18/18 MP: 1/1
   163 | D:1      | Reached XP level 2. HP: 19/25 MP: 2/2
   550 | D:1      | Reached XP level 3. HP: 30/30 MP: 3/3
  1384 | D:2      | Reached XP level 4. HP: 29/37 MP: 4/4
  1695 | D:3      | Gained mutation: You are agile. (Dex +2) [potion of mutation]
  1695 | D:3      | Gained mutation: Your body sometimes deteriorates upon taking damage. [potion of mutation]
  1695 | D:3      | Gained mutation: You are partially covered in iridescent scales. (AC +2) [potion of mutation]
  1825 | D:3      | Reached XP level 5. HP: 42/42 MP: 5/5
  2395 | D:4      | Found a staircase to the Ecumenical Temple.
  2404 | Temple   | Entered the Ecumenical Temple
  2464 | Temple   | Became a worshipper of Warmaster Okawaru
  2530 | D:4      | Noticed a phantom
  2603 | D:4      | Killed a phantom
  2603 | D:4      | Reached skill level 5 in Axes
  2603 | D:4      | Reached skill level 1 in Evocations
  2603 | D:4      | Reached XP level 6. HP: 20/48 MP: 4/6
  2968 | D:4      | Reached skill level 5 in Armour
  3327 | D:4      | Reached * piety under Okawaru
  3327 | D:4      | Reached XP level 7. HP: 51/55 MP: 8/8
  3535 | D:5      | Entered Level 5 of the Dungeon
  3717 | D:5      | Noticed jvknxa's ghost (amateur SpEn)
  3752 | D:5      | Killed jvknxa's ghost
  3752 | D:5      | Reached skill level 5 in Fighting
  3752 | D:5      | Reached skill level 1 in Invocations
  4059 | D:5      | Reached ** piety under Okawaru
  4059 | D:5      | Reached XP level 8. HP: 62/62 MP: 10/10
  4581 | D:6      | Found Hitruirr's Armour Shoppe.
  4587 | D:6      | Bought a +2 hat for 160 gold pieces
  4607 | D:6      | Reached skill level 5 in Shields
  4768 | D:6      | HP: 3/63 [orc warrior/mace of holy wrath (12)]
  5035 | D:6      | Found Ymiodwak's Magic Scroll Shoppe.
  5146 | D:6      | Found a snail-covered altar of Cheibriados.
  5277 | D:6      | Found Axiepnol's Antique Weapon Emporium.
  5379 | D:6      | Found Povomai's Magic Scroll Shoppe.
  5624 | D:7      | Reached XP level 9. HP: 62/68 MP: 10/12
  5827 | D:7      | Reached *** piety under Okawaru
  6750 | D:8      | Reached **** piety under Okawaru
  6938 | D:8      | Reached skill level 5 in Evocations
  7166 | D:8      | Reached XP level 10. HP: 77/77 MP: 13/13
  7278 | D:8      | Noticed a two-headed ogre
  7286 | D:8      | Killed a two-headed ogre
  7286 | D:8      | Received a gift from Okawaru
  7505 | D:8      | Found a deep blue altar of Sif Muna.
  7542 | D:8      | Found a shimmering altar of Xom.
  7552 | D:8      | Found a shimmering altar of Xom.
  7552 | D:8      | Found a shimmering altar of Xom.
  7552 | D:8      | Found a shimmering altar of Xom.
  7624 | D:8      | Reached ***** piety under Okawaru
  7935 | D:9      | Received a gift from Okawaru
  7935 | D:9      | Reached skill level 10 in Axes
  7939 | D:9      | Got a pair of scorched gloves {god gift}
  7953 | D:9      | Identified the +0 pair of gloves of Okawaru's Hatred {rC+} (Okawaru gifted it to you on level 9 of the Dungeon)
  7988 | D:9      | Reached skill level 1 in Dodging
  8030 | D:9      | Found a sparkling altar of Nemelex Xobeh.
  8091 | D:9      | Found Nuwk's Book Shoppe.
  8196 | D:9      | Found a staircase to the Lair.
  8302 | D:10     | Entered Level 10 of the Dungeon
  8504 | D:10     | Reached skill level 5 in Invocations
  8550 | D:10     | Reached XP level 11. HP: 31/84 MP: 12/15
  9505 | D:10     | Noticed a white ugly thing
  9566 | D:10     | Killed a white ugly thing
  9751 | D:10     | Reached ****** piety under Okawaru
  9787 | D:10     | Received a gift from Okawaru
  9890 | D:10     | Found a staircase to the Orcish Mines.
  9986 | Orc:1    | Entered Level 1 of the Orcish Mines
  9996 | Orc:1    | Noticed Gastronok
 10049 | Orc:1    | Killed Gastronok
 10049 | Orc:1    | Reached XP level 12. HP: 65/94 MP: 17/17
 10059 | Orc:1    | Noticed an orc warlord
 10504 | D:11     | Noticed a two-headed ogre
 10512 | D:11     | Killed a two-headed ogre
 10578 | D:11     | Noticed a centaur warrior
 10588 | D:11     | Killed a centaur warrior
 11523 | D:12     | You fall through a shaft!
 11544 | D:13     | Noticed a death knight
 11560 | D:13     | Received a gift from Okawaru
 12054 | D:12     | You fall through a shaft!
 12482 | D:12     | Reached skill level 10 in Armour
 12626 | D:12     | Noticed a two-headed ogre
 12633 | D:12     | Killed a two-headed ogre
 12880 | D:12     | Noticed a two-headed ogre
 12887 | D:12     | Killed a two-headed ogre
 12887 | D:12     | Gained mutation: You can hop longer distances. [Barachi growth]
 12887 | D:12     | Reached XP level 13. HP: 101/101 MP: 19/19
 13305 | Lair:1   | Entered Level 1 of the Lair of Beasts
 13305 | Lair:1   | Noticed Sonja
 13309 | Lair:1   | Killed Sonja
 13865 | Lair:1   | Received a gift from Okawaru
 13866 | Lair:1   | Got a dazzling spear {god gift}
 14236 | Lair:1   | Reached skill level 10 in Shields
 14452 | Lair:2   | Found a labyrinth entrance.
 14455 | Lab      | Entered a labyrinth
 15416 | Lab      | Noticed a minotaur
 15428 | Lab      | Killed a minotaur
 15453 | Lab      | Identified the Tome of Aid
 15457 | Lab      | Identified the Guide on Ensnaring Ignition
 15460 | Lab      | Identified Woxzacoa's Handbook of Curses
 15588 | D:6      | Bought a scroll of identify for 26 gold pieces
 15588 | D:6      | Bought a scroll of identify for 26 gold pieces
 15588 | D:6      | Bought a scroll of remove curse for 39 gold pieces
 15589 | D:6      | Identified the +9 spear "Moagucam" {elec, +Inv Dex+3} (Okawaru gifted it to you on level 1 of the Lair of Beasts)
 16008 | Lair:2   | Reached skill level 1 in Polearms
 16713 | Lair:3   | Received a gift from Okawaru
 16714 | Lair:3   | Got an ancient ring mail {god gift}
 16729 | Lair:3   | Identified the +0 ring mail of Jigsaw {*Slow rN+++ Slay+3} (Okawaru gifted it to you on level 3 of the Lair of Beasts)
 17782 | Lair:4   | Reached skill level 10 in Evocations
 17801 | Lair:4   | Found a staircase to the Snake Pit.
 17972 | Lair:4   | Found a staircase to the Shoals.
 18273 | Lair:5   | Found an opulent altar of Gozag.
 18303 | Lair:5   | Reached skill level 10 in Fighting
 18451 | Lair:5   | Found a staircase to the Slime Pits.
 18595 | Lair:5   | Reached XP level 14. HP: 110/110 MP: 21/21
 19003 | Lair:6   | Entered Level 6 of the Lair of Beasts
 19241 | Lair:6   | Received a gift from Okawaru
 19242 | Lair:6   | Got a translucent troll leather armour {god gift}
 19271 | Lair:6   | Identified the +2 troll leather armour of Feasting {*Drain MR+ Regen+ rCorr} (Okawaru gifted it to you on level 6 of the Lair of Beasts)
 19332 | Lair:6   | Reached skill level 5 in Polearms
 20094 | Lair:6   | Noticed a dire elephant
 20094 | Lair:6   | Noticed a dire elephant
 20111 | Lair:6   | Killed a dire elephant
 20123 | Lair:6   | Killed a dire elephant
 20148 | Lair:6   | Noticed a dire elephant
 20168 | Lair:6   | Killed a dire elephant
 20246 | Lair:6   | Noticed a dire elephant
 20265 | Lair:6   | Killed a dire elephant
 20277 | Lair:6   | Noticed a dire elephant
 20281 | Lair:6   | Noticed a dire elephant
 20314 | Lair:6   | Killed a dire elephant
 20678 | Lair:6   | Killed a dire elephant
 20926 | Lair:6   | Received a gift from Okawaru
 21029 | Shoals:1 | Entered Level 1 of the Shoals
 21432 | Shoals:1 | Found Pisain's Gadget Shoppe.
 22293 | D:13     | Reached XP level 15. HP: 64/117 MP: 11/23
 23199 | D:13     | Noticed Maurice
 23211 | D:13     | Killed Maurice
 23415 | D:13     | Received a gift from Okawaru
 24277 | D:15     | Entered Level 15 of the Dungeon
 24462 | D:15     | Found a staircase to the Depths.
 24589 | D:14     | Found a gate to the Vaults.
 24612 | D:14     | Received a gift from Okawaru
 24989 | D:14     | Found a stormy altar of Qazlal.
 25978 | D:6      | Bought a +3 plate armour of cold resistance for 450 gold pieces
 26060 | D:6      | Bought a scroll of identify for 28 gold pieces
 26060 | D:6      | Bought 3 scrolls of identify for 84 gold pieces
 26060 | D:6      | Bought a scroll of identify for 28 gold pieces
 26201 | Orc:1    | Killed an orc warlord
 26290 | Orc:1    | Noticed Josephine
 26300 | Orc:1    | Killed Josephine
 26789 | Orc:1    | Found a roughly hewn altar of Beogh.
 26921 | Orc:2    | Entered Level 2 of the Orcish Mines
 26938 | Orc:2    | Found a staircase to the Elven Halls.
 26956 | Orc:2    | Found a roughly hewn altar of Beogh.
 27089 | Orc:2    | Noticed Nergalle
 27099 | Orc:2    | Killed Nergalle
 27099 | Orc:2    | Received a gift from Okawaru
 27100 | Orc:2    | Got a twisted robe {god gift}
 27102 | Orc:2    | Noticed Blork the orc
 27111 | Orc:2    | Found a roughly hewn altar of Beogh.
 27224 | Orc:2    | Killed Blork the orc
 27565 | Orc:2    | Found Cogi's Book Emporium.
 27566 | Orc:2    | Noticed an orc warlord
 28063 | Orc:2    | Found Xuwkaufa's Antique Weapon Emporium.
 28077 | Orc:2    | Found Osuamoth's Antique Armour Emporium.
 28086 | Orc:2    | Bought a jewelled cloak for 313 gold pieces
 28096 | Orc:2    | Identified the +0 cloak "Myatt" {*Drain rC++} (You bought it in a shop on level 2 of the Orcish Mines)
 28107 | Orc:2    | Found Coethos's General Store.
 28120 | Orc:2    | Found a roughly hewn altar of Beogh.
 28143 | Orc:2    | Gained mutation: You are frail. (-10% HP) [a neqoxec]
 28147 | Orc:2    | Gained mutation: You are partially covered in large bone plates. (SH +4) [a neqoxec]
 28842 | D:15     | Reached XP level 16. HP: 84/113 MP: 25/25
 28856 | D:15     | Noticed Rupert
 29083 | D:15     | Noticed Azrael
 29150 | D:15     | Killed Azrael
 29286 | D:15     | Killed Rupert
 29286 | D:15     | Reached skill level 10 in Polearms
 29529 | D:15     | Found a shattered altar of Ashenzari.
 30182 | Depths:1 | Entered Level 1 of the Depths
 30232 | Depths:1 | Found a gateway to Hell.
 30252 | Depths:1 | Found a glowing silver altar of Zin.
 30255 | Depths:1 | Found Riuruzyo's Hallowed Reliquary.
 30351 | Depths:1 | Gained mutation: Your muscles are strong. (Str +2) [mutagenic meat]
 30353 | Depths:1 | Gained mutation: You are occasionally teleported next to monsters. [mutagenic meat]
 30354 | Depths:1 | Gained mutation: Scrolls take you a little longer to read. [mutagenic meat]
 30356 | Depths:1 | Gained mutation: Your mind is acute. (Int +2) [mutagenic meat]
 30357 | Depths:1 | Lost mutation: Your mind is acute. (Int +2) [mutagenic meat]
 30496 | Depths:1 | Found a one-way gate leading to the halls of Pandemonium.
 30526 | Depths:1 | HP: 4/114 [ice dragon/blast of cold (23)]
 31009 | Depths:2 | Received a gift from Okawaru
 31019 | Depths:2 | Reached skill level 5 in Dodging
 31583 | Depths:1 | HP: 4/116 [deep troll (7)]
 31583 | Depths:1 | Mangled by a frost giant

Skill      XL: |  1  2  3  4  5  6  7  8  9 10 11 12 13 14 15 16 |
---------------+-------------------------------------------------+-----
Fighting       | 4 5 6 7 8 9 10 11 12 | 12.4
Armour         | 4 5 6 8 9 10 11 12 13 | 13.5
Axes           | 3 5 6 7 9 10 11 13 | 13.4
Shields        | 4 5 6 7 8 9 10 11 12 13 | 13.3
Evocations     | 1 3 4 5 6 7 9 10 11 12 13 | 13.1
Invocations    | 1 2 4 5 6 7 8 9 |  9.0
Dodging        | 1 2 3 4 5 |  5.0
Polearms       | 4 7 9 10 | 10.8

Action                   |  1- 3 |  4- 6 |  7- 9 | 10-12 | 13-15 | 16-18 || total
-------------------------+-------+-------+-------+-------+-------+-------++-------
Melee: War axe           |    75 |   224 |   499 |   988 |    27 |       ||  1813
       Spear             |       |       |       |       |  1647 |   591 ||  2238
       Hand axe          |       |       |       |       |   194 |       ||   194
Invok: Heroism           |       |       |     2 |     9 |    16 |     1 ||    28
 Abil: Hop               |       |       |     1 |     2 |     9 |     3 ||    15
       Evoke Invisibilit |       |       |       |       |     2 |       ||     2
Evoke: Wand              |       |       |     2 |    28 |    51 |       ||    81
       Lightning rod     |       |       |       |       |     8 |     7 ||    15
       Phial of floods   |       |       |       |       |       |     1 ||     1
  Use: Potion            |     1 |     4 |     8 |     4 |     4 |     8 ||    29
       Scroll            |     5 |     6 |    12 |     5 |    16 |     3 ||    47
 Stab: Invisible         |       |       |       |       |     3 |       ||     3
  Eat: Chunk             |     2 |     8 |    14 |    22 |    49 |    16 ||   111
       Meat ration       |       |       |       |     1 |       |       ||     1
       Royal jelly       |       |       |       |     1 |       |       ||     1
       Fruit             |       |       |       |       |    12 |     3 ||    15
Armor: Scale mail        |    62 |    86 |       |       |       |       ||   148
       Chain mail        |       |    19 |   125 |       |       |       ||   144
       Plate armour      |       |       |   134 |   203 |    50 |    53 ||   440
       Fire dragon scale |       |       |       |   146 |   319 |    54 ||   519
Dodge: Dodged            |    34 |    62 |    88 |   265 |   372 |    93 ||   914
Block: Shield            |    58 |   139 |   254 |   549 |   766 |   282 ||  2048
